[Event "Titled Tuesday Blitz April 18 Late 2023"]
[White "Paravyan, David"]
[Black "Moussard, Jules"]
[WhiteFideId "4194985"]
[BlackFideId "642908"]
[WhiteElo "2563"]
[BlackElo "2610"]
[Result "1-0"]
[Round "09"]
[TimeControl "180+2"]
[Date "2023.04.18"]
[WhiteClock "0:00:08"]
[BlackClock "0:00:22"]

1. e4 c5 2. Nf3 d6 3. d4 cxd4 4. Nxd4 Nf6 5. Nc3 a6 6. Bg5 Nbd7 7. Qd2 e6 8. Bc4 b5 9. Bxe6 fxe6 10. Nxe6 Qb6 11. O-O-O Ne5 12. Nxf8 Rxf8 13. Bxf6 gxf6 14. Nd5 Qc6 15. Qh6 Be6 16. Nxf6+ Ke7 17. Nxh7 Qxe4 18. Qg5+ Kd7 19. Nxf8+ Rxf8 20. Rhe1 Nf7 21. Qf6 Qf5 22. Qd4 Rc8 23. Rd2 Rc7 24. f3 Qg5 25. Kb1 Rc4 26. Qa7+ Rc7 27. Qe3 Qf6 28. b3 b4 29. Qd4 Qxd4 30. Rxd4 a5 31. h4 Rc5 32. g4 Ne5 33. Re3 Bd5 34. Rf4 Ng6 35. Rf6 Nxh4 36. g5 Nxf3 37. g6 Rc8 38. Rfxf3 Bxf3 39. Rxf3 Rg8 40. Rg3 d5 41. a3 Ke6 42. axb4 axb4 43. Kb2 d4 44. Rg4 Ke5 45. g7 Kd5 46. Kc1 Ke5 47. Kd2 Kd5 48. Kd3 Ke5 49. Re4+ Kf5 50. Rxd4 Rxg7 51. Rxb4 Rg3+ 52. Kd2 Ke6 53. Rc4 Kd5 54. Kc1 Rg7 55. Kb2 Ra7 56. Rh4 Ra8 57. b4 Kc6 58. Kb3 Kb5 59. Rh5+ Kb6 60. Rh6+ Kb7 61. b5 Rf8 62. c4 Rf1 63. Kb4 Rf5 64. Rh7+ Kb6 65. c5+ Rxc5 66. Rh6+ 1-0


[Site "https://www.chess.com"]

[Event "Titled Tuesday Blitz April 18 Late 2023"]
[White "Duda, Jan-Krzysztof"]
[Black "Eljanov, Pavel"]
[WhiteFideId "1170546"]
[BlackFideId "14102951"]
[WhiteElo "2790"]
[BlackElo "2598"]
[Result "1-0"]
[Round "09"]
[TimeControl "180+2"]
[Date "2023.04.18"]
[WhiteClock "0:00:06"]
[BlackClock "0:00:03"]

1. Nf3 d5 2. c4 c6 3. g3 Nf6 4. Bg2 g6 5. O-O Bg7 6. d4 O-O 7. Nbd2 Bf5 8. b3 a5 9. Bb2 Ne4 10. e3 Nd7 11. Nxe4 Bxe4 12. Qe2 e6 13. Bh3 Bxf3 14. Qxf3 a4 15. Rfc1 Qb6 16. Qd1 axb3 17. Qxb3 Qxb3 18. axb3 Nc5 19. cxd5 Nd3 20. dxe6 Rxa1 21. Rxa1 Nxb2 22. exf7+ Kxf7 23. Bf1 c5 24. dxc5 Rc8 25. b4 Rc7 26. Ra7 Ke6 27. Be2 h5 28. h4 Bc3 29. Ra3 Bf6 30. Kg2 Rd7 31. Ra7 Rd2 32. Kf1 Rd7 33. b5 Be7 34. c6 bxc6 35. Ra6 Rc7 36. bxc6 Kd5 37. Kg2 Nc4 38. Bf3+ Kc5 39. Be4 Ne5 40. Ra5+ Kd6 41. Rd5+ Ke6 42. Rb5 Kf6 43. f4 Nc4 44. Kf3 Nd6 45. Rb6 Bd8 46. Ra6 Be7 47. Bd5 Nb5 48. e4 Nc3 49. Ke3 Bc5+ 50. Kd3 Nxd5 51. exd5 Bd6 52. Ra8 Re7 53. Rf8+ Kg7 54. Rd8 Bc7 55. Rc8 Bd6 56. Kc4 Re3 57. Rd8 Bc7 58. Rd7+ 1-0


[Site "https://www.chess.com"]

[Event "Titled Tuesday Blitz April 18 Late 2023"]
[White "Bluebaum, Matthias"]
[Black "Anton Guijarro, David"]
[WhiteFideId "24651516"]
[BlackFideId "2285525"]
[WhiteElo "2638"]
[BlackElo "2618"]
[Result "1-0"]
[Round "09"]
[TimeControl "180+2"]
[Date "2023.04.18"]
[WhiteClock "0:01:47"]
[BlackClock "0:00:06"]

1. d4 Nf6 2. c4 e6 3. Nc3 Bb4 4. e3 b6 5. Bd3 Bb7 6. Nf3 O-O 7. Bd2 d6 8. O-O Nbd7 9. a3 Bxc3 10. Bxc3 Ne4 11. Be1 f5 12. Kh1 a5 13. Ng1 a4 14. f3 Nef6 15. Nh3 Qe7 16. Bc3 c5 17. Qe2 g6 18. Rad1 e5 19. d5 e4 20. fxe4 Nxe4 21. Bxe4 Qxe4 22. Ng5 Qg4 23. Qxg4 fxg4 24. Ne4 Ba6 25. Nxd6 Rad8 26. e4 Rfe8 27. Nxe8 Rxe8 28. e5 Bxc4 29. e6 Bxf1 30. exd7 Rd8 31. Rxf1 Rxd7 32. Rd1 Kf7 33. Be5 g5 34. g3 Kg6 35. Bb8 Kf5 36. d6 Ke4 37. Bc7 b5 38. Kg2 b4 39. Kf2 bxa3 40. bxa3 h5 41. Ke2 h4 42. Rd2 Ke5 43. Kd3 Kd5 44. Re2 Rf7 45. Re7 Rf3+ 46. Ke2 Kc6 47. Bb8 Rxa3 48. d7 Ra2+ 49. Ke3 Ra3+ 50. Ke4 1-0


[Site "https://www.chess.com"]

[Event "Titled Tuesday Blitz April 18 Late 2023"]
[White "Hansen, Eric"]
[Black "Andreikin, Dmitry"]
[WhiteFideId "2606771"]
[BlackFideId "4158814"]
[WhiteElo "2561"]
[BlackElo "2736"]
[Result "0-1"]
[Round "09"]
[TimeControl "180+2"]
[Date "2023.04.18"]
[WhiteClock "0:00:03"]
[BlackClock "0:00:06"]

1. d4 d5 2. c4 e6 3. Nc3 a6 4. cxd5 exd5 5. Bf4 Nf6 6. e3 Bd6 7. Bg3 O-O 8. Bd3 Re8 9. Qc2 Nc6 10. Nf3 Nb4 11. Qd1 Nxd3+ 12. Qxd3 c6 13. Bxd6 Qxd6 14. Ne5 Ng4 15. Nxg4 Bxg4 16. f3 Bh5 17. O-O Re6 18. Rae1 Rae8 19. Qd2 Bg6 20. Re2 h5 21. Rfe1 h4 22. h3 Qg3 23. e4 dxe4 24. fxe4 Rd8 25. d5 Re5 26. Re3 Qg5 27. Qf2 f6 28. a3 Bf7 29. Rd3 Kh7 30. Red1 Bh5 31. Rf1 Bg6 32. Rd4 c5 33. Ra4 b5 34. Rxa6 Bxe4 35. Nxe4 Rxe4 36. Re6 Qxd5 37. Rxe4 Qxe4 38. Qxc5 Rd2 39. Qh5+ Kg8 40. Qg4 Qxg4 41. hxg4 Rxb2 42. Kh2 Rb3 43. Rf5 Kh7 44. Rc5 Kg6 45. Rd5 Kh6 46. Rh5+ Kg6 47. Rd5 Kf7 48. Rd7+ Kf8 49. Rb7 Kg8 50. Rb6 Kh7 51. Rb7 Kg6 52. Rb6 Kg5 53. Rb7 g6 54. Rb6 Rxa3 55. Rxb5+ Kxg4 56. Rb4+ Kg5 57. Rb5+ f5 58. Rb4 Re3 59. Rb6 Re4 60. Rb8 Kg4 61. Rg8 g5 62. Rc8 Re2 63. Rc4+ f4 64. Rc3 Re3 65. Rc5 h3 66. gxh3+ Rxh3+ 67. Kg2 Ra3 68. Kf2 Ra2+ 69. Kf1 f3 70. Rd5 Kf4 71. Rb5 g4 0-1


[Site "https://www.chess.com"]

[Event "Titled Tuesday Blitz April 18 Late 2023"]
[White "Pranav, V"]
[Black "Bartel, Mateusz"]
[WhiteFideId "25060783"]
[BlackFideId "1112635"]
[WhiteElo "2500"]
[BlackElo "2521"]
[Result "0-1"]
[Round "09"]
[TimeControl "180+2"]
[Date "2023.04.18"]
[WhiteClock "0:00:03"]
[BlackClock "0:00:12"]

1. e4 e6 2. d4 d5 3. Nc3 Bb4 4. e5 Qd7 5. Qg4 f5 6. Qg3 c5 7. Nf3 Nc6 8. a3 Bxc3+ 9. bxc3 c4 10. h4 h6 11. h5 Qf7 12. Be2 Nge7 13. Nh4 Bd7 14. a4 O-O-O 15. Ba3 b6 16. Bd6 Rhg8 17. Ng6 Nxg6 18. hxg6 Qe8 19. O-O Na5 20. Bb4 Kb7 21. Rfb1 Ka8 22. Qf3 Bc6 23. Rb2 Rc8 24. Qg3 Nb7 25. a5 Nxa5 26. Bxa5 bxa5 27. Rxa5 Rb8 28. Rba2 Rb7 29. Ra6 Qd7 30. Qf3 Rc8 31. g3 Rcc7 32. Kg2 Qc8 33. Qe3 Qe8 34. Bh5 Rb1 35. Qf4 Qb8 36. Bf3 Re1 37. Qd2 Rb1 38. R6a5 Qe8 39. Ra1 Rxa1 40. Rxa1 Qxg6 41. Qc1 Qe8 42. Qa3 Rb7 43. Qd6 Bb5 44. Ra5 a6 45. Ra1 Qd7 46. Qf8+ Rb8 47. Qc5 Qa7 48. Qd6 Qb6 49. Qe7 Rb7 50. Qf8+ Ka7 51. Bh5 Rc7 52. Bf7 Qc6 53. Bg6 Qd7 54. Qb4 Qc6 55. Qa5 Qb6 56. Qa3 Rb7 57. Qf8 Qc6 58. Qg8 Qd7 59. Qf8 Qe7 60. Qg8 Rb8 61. Qh7 Rf8 62. Bh5 Kb6 63. Be2 Qf7 64. Bh5 Qxh5 65. Qxg7 Qf7 66. Qxh6 f4 67. g4 f3+ 68. Kg3 Bd7 69. Rb1+ Kc7 70. Rh1 a5 71. Qc1 a4 72. Rh6 Qg7 73. Rh5 Qe7 74. Rh1 a3 75. Qe3 Ra8 76. Ra1 a2 77. Qc1 Qa3 78. Qxa3 Rxa3 79. g5 Kd8 80. g6 Ke7 81. Kf4 Be8 82. Kg5 Ra7 83. Kh6 Kf8 84. Kg5 Kg7 85. Kf4 Bxg6 0-1


[Site "https://www.chess.com"]

[Event "Titled Tuesday Blitz April 18 Late 2023"]
[White "Rustemov, Alexander"]
[Black "Sadhwani, Raunak"]
[WhiteFideId "4119002"]
[BlackFideId "35093487"]
[WhiteElo "2866"]
[BlackElo "2631"]
[Result "0-1"]
[Round "09"]
[TimeControl "180+2"]
[Date "2023.04.18"]
[WhiteClock "0:00:02"]
[BlackClock "0:00:06"]

1. d4 g6 2. c4 Bg7 3. Nf3 d6 4. g3 Nf6 5. Bg2 O-O 6. Nc3 c6 7. O-O Bf5 8. b3 Ne4 9. Bb2 Nxc3 10. Bxc3 Be4 11. e3 Nd7 12. Qe2 Nf6 13. Rfd1 a5 14. Rac1 Qc7 15. Bh3 a4 16. b4 a3 17. Nd2 Bf5 18. Bg2 Bg4 19. f3 Bd7 20. e4 e5 21. dxe5 dxe5 22. c5 Be6 23. Nc4 Nh5 24. Nd6 b6 25. Qf2 b5 26. Rd3 Qe7 27. Rcd1 Nf6 28. h4 Nh5 29. Kh2 g5 30. hxg5 Qxg5 31. Bh3 Qh6 32. Nf5 Bxf5 33. exf5 e4 34. fxe4 Bxc3 35. Rxc3 Nf6 36. Qe2 Rfe8 37. Re3 Kh8 38. Rd6 Ng4+ 39. Qxg4 Qxe3 40. Bg2 Rg8 41. Qf4 Qxf4 42. gxf4 Rg4 43. Rxc6 Rag8 44. Bh3 Rxf4 45. Ra6 Rf2+ 46. Kh1 Rxa2 47. e5 Ra1+ 48. Kh2 Ra2+ 49. Kh1 Re2 50. Rxa3 Rxe5 51. Rb3 h5 52. Kh2 Re2+ 53. Kh1 h4 54. Rf3 Re4 55. Rb3 Kg7 56. Bf1 Re1 57. Kg2 Kf6+ 58. Kf2 Re5 59. Bxb5 Rxf5+ 60. Ke3 Rg3+ 61. Kd4 Rxb3 62. Kc4 Rb2 63. Bc6 Rf4+ 64. Kc3 Rbxb4 0-1


[Site "https://www.chess.com"]

[Event "Titled Tuesday Blitz April 18 Late 2023"]
[White "Svane, Frederik"]
[Black "Xiong, Jeffery"]
[WhiteFideId "12923044"]
[BlackFideId "2047640"]
[WhiteElo "2502"]
[BlackElo "2726"]
[Result "0-1"]
[Round "09"]
[TimeControl "180+2"]
[Date "2023.04.18"]
[WhiteClock "0:00:15"]
[BlackClock "0:00:44"]

1. g3 e5 2. c4 f5 3. Nc3 Be7 4. d4 d6 5. b3 Nf6 6. Bb2 e4 7. Nh3 O-O 8. e3 c6 9. b4 Kh8 10. Be2 Be6 11. Nf4 Bf7 12. h4 g6 13. a4 Nbd7 14. Qb3 d5 15. c5 Kg7 16. b5 h6 17. a5 a6 18. bxc6 bxc6 19. Na2 g5 20. Nh3 Rh8 21. Nb4 Nb8 22. Kd2 Ng4 23. Qa4 Qc7 24. Bc3 gxh4 25. Nf4 Nxf2 26. Rhg1 h3 27. Rgf1 Ng4 28. Nxh3 Nxe3 29. Kxe3 Qxg3+ 30. Kd2 Qxh3 31. Rg1+ Bg5+ 32. Kc2 f4 33. Bd2 e3 34. Rh1 Qe6 35. Bd3 exd2 0-1


[Site "https://www.chess.com"]

[Event "Titled Tuesday Blitz April 18 Late 2023"]
[White "Kramnik, Vladimir"]
[Black "Indjic, Aleksandar"]
[WhiteFideId "4101588"]
[BlackFideId "911925"]
[WhiteElo "2712"]
[BlackElo "2614"]
[Result "1-0"]
[Round "09"]
[TimeControl "180+2"]
[Date "2023.04.18"]
[WhiteClock "0:00:04"]
[BlackClock "0:00:05"]

1. e4 c5 2. Nf3 e6 3. d4 cxd4 4. Nxd4 a6 5. c4 Nf6 6. Nc3 Qc7 7. Be2 b6 8. Be3 Bb7 9. f3 Nc6 10. Qd2 d6 11. Rc1 Nxd4 12. Qxd4 Nd7 13. O-O Rb8 14. b4 Ba8 15. Rfd1 Nf6 16. Na4 e5 17. Qd2 Be7 18. Nc3 Bb7 19. Nd5 Nxd5 20. cxd5 Qd8 21. b5 axb5 22. Bxb5+ Kf8 23. Qf2 Ba8 24. Bc6 Bg5 25. Bxg5 Qxg5 26. Rb1 Qd8 27. Rdc1 h5 28. Bxa8 Rxa8 29. Rc6 b5 30. Rxb5 Rb8 31. Rxb8 Qxb8 32. Qb6 Qxb6+ 33. Rxb6 Ke7 34. Rb7+ Kf6 35. a4 Ra8 36. Rb4 h4 37. Kf2 Kg5 38. g3 h3 39. Ke3 g6 40. f4+ Kf6 41. Kf3 g5 42. fxe5+ Kxe5 43. Kg4 f6 44. Kxh3 f5 45. exf5 Kxf5 46. Kg2 Ke5 47. Kf3 Kxd5 48. Kg4 Kc5 49. Rb2 Rg8 50. a5 d5 51. a6 Ra8 52. Ra2 d4 53. Kxg5 Kb4 54. h4 Kb3 55. Ra1 d3 56. h5 Kb2 57. Rh1 Rxa6 58. h6 d2 59. h7 Ra8 60. Kg6 Ra6+ 61. Kg5 Ra8 62. g4 Kc2 63. Kg6 Ra6+ 64. Kh5 Ra8 65. g5 Kc3 66. g6 Re8 67. Rd1 Re1 68. Rxd2 Kxd2 69. Kh6 Rh1+ 70. Kg7 1-0


[Site "https://www.chess.com"]

[Event "Titled Tuesday Blitz April 18 Late 2023"]
[White "Durarbayli, Vasif"]
[Black "Manukyan, Sargis A."]
[WhiteFideId "13402935"]
[BlackFideId "13303970"]
[WhiteElo "2551"]
[BlackElo "2187"]
[Result "0-1"]
[Round "09"]
[TimeControl "180+2"]
[Date "2023.04.18"]
[WhiteClock "0:00:01"]
[BlackClock "0:00:18"]

1. e4 c5 2. Nf3 d6 3. d4 cxd4 4. Nxd4 Nf6 5. Nc3 g6 6. Be3 Bg7 7. f3 O-O 8. Qd2 Nc6 9. Bc4 Bd7 10. g4 Rc8 11. Be2 Nxd4 12. Bxd4 Be6 13. h4 Qa5 14. h5 Bc4 15. hxg6 hxg6 16. g5 Nh5 17. Bxg7 Kxg7 18. Qd4+ e5 19. Qxd6 Rfd8 20. Qe7 Re8 21. Qd6 Red8 22. Qe7 Re8 23. Qd6 Rcd8 24. Qa3 Qxa3 25. bxa3 Rc8 26. O-O-O Be6 27. Kb2 Rc6 28. Bd3 Nf4 29. Ne2 Nxe2 30. Bxe2 Bxa2 31. Bb5 Rb6 32. Kxa2 Rxb5 33. Rd7 Rc8 34. Rh2 Rc3 35. Rd3 Rbc5 36. Kb2 R3c4 37. Rd7 Rb5+ 38. Ka2 Rc3 39. Rd3 Rc7 40. Rd8 Rbc5 41. Kb2 b5 42. Kb1 Rc8 0-1


[Site "https://www.chess.com"]

[Event "Titled Tuesday Blitz April 18 Late 2023"]
[White "Ibrahimli, Murad"]
[Black "Larino Nieto, David"]
[WhiteFideId "13410229"]
[BlackFideId "2256444"]
[WhiteElo "2364"]
[BlackElo "2506"]
[Result "1-0"]
[Round "09"]
[TimeControl "180+2"]
[Date "2023.04.18"]
[WhiteClock "0:00:21"]
[BlackClock "0:00:03"]

1. d4 e6 2. c4 b6 3. a3 Bb7 4. Nc3 Ne7 5. e4 d6 6. Bd3 Nd7 7. Nge2 a6 8. O-O c5 9. f4 cxd4 10. Nxd4 Qc7 11. Kh1 Nc6 12. Nf3 Be7 13. b4 Bf6 14. Bb2 O-O 15. Rc1 Rac8 16. Bb1 Ne7 17. Qd2 Rfd8 18. Rfd1 Qb8 19. Qe2 g6 20. Bd3 Bg7 21. Qe3 Re8 22. Bf1 d5 23. e5 Nf5 24. Qf2 Qa8 25. cxd5 exd5 26. Ne2 b5 27. Ned4 Nxd4 28. Bxd4 Nf8 29. f5 gxf5 30. Nh4 Ng6 31. Nxf5 Bxe5 32. Nh6+ Kg7 33. Qxf7+ Kxh6 34. Be3+ Bf4 35. Bxf4+ Nxf4 36. Qxf4+ Kg7 37. Rd3 Re6 38. Rg3+ Rg6 39. Rc7+ Rxc7 40. Qxc7+ Kh8 41. Qe5+ Kg8 42. Qe6+ Kg7 43. Qe7+ Kg8 44. Rh3 Rg7 45. Qe6+ Kh8 46. Qf6 d4 47. Rg3 Qg8 48. Qxd4 Qf8 49. Kg1 Kg8 50. Rxg7+ Qxg7 51. Qxg7+ Kxg7 52. Kf2 Kf6 53. Bd3 h6 54. g3 Ke5 55. Ke3 Bd5 56. Be2 Bb7 57. h4 Bc8 58. Bf3 Kd6 59. Kd4 Bd7 60. g4 Bc8 61. g5 hxg5 62. hxg5 Be6 63. Bb7 Kc7 64. Be4 Kd6 65. Bb7 Kc7 66. Bd5 Bf5 67. Kc5 Bg6 68. Be6 Kb7 69. Kd6 Kb6 70. Ke5 a5 71. Kf6 Bh7 72. Bf5 Bg8 73. g6 axb4 74. axb4 1-0


[Site "https://www.chess.com"]

[Event "Titled Tuesday Blitz April 18 Late 2023"]
[White "Flores, Diego"]
[Black "Naroditsky, Daniel"]
[WhiteFideId "108049"]
[BlackFideId "2026961"]
[WhiteElo "2613"]
[BlackElo "2633"]
[Result "1/2-1/2"]
[Round "09"]
[TimeControl "180+2"]
[Date "2023.04.18"]
[WhiteClock "0:00:04"]
[BlackClock "0:00:03"]

1. c4 e5 2. Nc3 Bb4 3. Nd5 Na6 4. e3 Nf6 5. Nxf6+ Qxf6 6. a3 Be7 7. b4 c5 8. b5 Nc7 9. Bb2 d5 10. cxd5 Nxd5 11. Nf3 Bd6 12. Qc2 O-O 13. Qe4 Nb6 14. Bxe5 Qe7 15. Qf4 Bxe5 16. Qxe5 Be6 17. Be2 Rad8 18. O-O Rd5 19. Qc3 Rfd8 20. a4 Nd7 21. d4 Nf6 22. Rfd1 Ne4 23. Qb2 Qf6 24. Rac1 cxd4 25. Rxd4 Rxd4 26. exd4 Bd5 27. Bf1 h6 28. Ne5 Ng5 29. f3 Qf4 30. Rd1 f6 31. Ng6 Qe3+ 32. Qf2 Qe8 33. Nf4 Bb3 34. Re1 Qd7 35. h4 Nf7 36. d5 Ne5 37. Qxa7 Qf5 38. Qe3 Bxa4 39. Ra1 Bb3 40. Ra7 Qb1 41. Rxb7 Bc4 42. Qf2 Ra8 43. Kh2 Bxf1 44. Qg3 g5 45. Nh5 Ra2 46. Nxf6+ Kf8 47. Nh7+ Kg8 48. Nf6+ Kf8 49. Nh7+ Kg8 50. Nf6+ 1/2-1/2


[Site "https://www.chess.com"]

[Event "Titled Tuesday Blitz April 18 Late 2023"]
[White "Gaehwiler, Gabriel"]
[Black "Martinez Alcantara, Jose Eduardo"]
[WhiteFideId "1314530"]
[BlackFideId "3805662"]
[WhiteElo "2437"]
[BlackElo "2711"]
[Result "0-1"]
[Round "09"]
[TimeControl "180+2"]
[Date "2023.04.18"]
[WhiteClock "0:00:03"]
[BlackClock "0:01:24"]

1. d4 a6 2. e4 h6 3. Nf3 g6 4. h4 Bg7 5. Nc3 d6 6. Bf4 e6 7. Bd3 Nd7 8. Qe2 Ne7 9. g4 b5 10. O-O-O Bb7 11. Qe3 b4 12. Ne2 a5 13. Kb1 a4 14. Bg3 a3 15. b3 Ra5 16. Qd2 Nc6 17. Bc4 O-O 18. g5 h5 19. Nf4 Re8 20. Rhe1 Nb6 21. Bf1 Qa8 22. d5 exd5 23. exd5 Ne5 24. Nxe5 dxe5 25. Nd3 Rxd5 26. Qxb4 Qd8 27. Rc1 e4 28. Rxe4 Rxe4 29. Qxe4 Rb5 30. Bxc7 Qxc7 31. Qe8+ Kh7 32. Qxb5 Qc3 0-1


[Site "https://www.chess.com"]

[Event "Titled Tuesday Blitz April 18 Late 2023"]
[White "Rozman, Levy"]
[Black "Lazavik, Denis"]
[WhiteFideId "2039877"]
[BlackFideId "13515110"]
[WhiteElo "2376"]
[BlackElo "2560"]
[Result "0-1"]
[Round "09"]
[TimeControl "180+2"]
[Date "2023.04.18"]
[WhiteClock "0:00:29"]
[BlackClock "0:01:09"]

1. d4 f5 2. Qd3 Nc6 3. Nf3 e6 4. Bg5 Be7 5. Bxe7 Qxe7 6. Nc3 Nf6 7. h3 b6 8. a3 Bb7 9. O-O-O O-O-O 10. Rg1 Kb8 11. g4 g6 12. Kb1 Rhf8 13. g5 Nh5 14. e3 d5 15. Be2 Ng7 16. b4 e5 17. dxe5 Nxe5 18. Nxe5 Qxe5 19. f4 Qe7 20. Bf3 Ne6 21. Rge1 Qg7 22. Ne2 c5 23. Qb3 Qc7 24. Nc3 c4 25. Qa4 Bc6 26. Qa6 Qf7 27. Nb5 Qd7 28. Nc3 Nc7 0-1


[Site "https://www.chess.com"]

[Event "Titled Tuesday Blitz April 18 Late 2023"]
[White "Sarana, Alexey"]
[Black "Thomforde-Toates, Noah"]
[WhiteFideId "24133795"]
[BlackFideId "30951992"]
[WhiteElo "2714"]
[BlackElo "2755"]
[Result "1-0"]
[Round "09"]
[TimeControl "180+2"]
[Date "2023.04.18"]
[WhiteClock "0:02:02"]
[BlackClock "0:01:11"]

1. d4 d6 2. e4 Nf6 3. Nc3 e5 4. Nf3 Nbd7 5. Bc4 Be7 6. O-O h6 7. a4 a5 8. b3 c6 9. Re1 Qc7 10. Ba3 O-O 11. h3 Re8 12. Qd2 Nf8 13. Nh4 Ne6 14. Nf5 Nxd4 15. Nxd4 exd4 16. Qxd4 Be6 17. Bxe6 fxe6 18. e5 dxe5 19. Qxe5 Qxe5 20. Rxe5 Bxa3 21. Rxa3 Nd5 22. Ne4 Nb4 23. Rc5 b6 24. Rc3 c5 25. Ra1 Rad8 26. Re1 Rd4 27. Re2 Rf8 28. Kh2 Kf7 29. Rf3+ Ke7 30. Rxf8 Kxf8 31. c3 Rxe4 32. Rxe4 Nd5 33. Rxe6 Nxc3 34. Rxb6 Ne4 35. Rb5 Nxf2 36. Rxc5 1-0


[Site "https://www.chess.com"]

[Event "Titled Tuesday Blitz April 18 Late 2023"]
[White "Pichot, Alan"]
[Black "UnknownxArmy"]
[WhiteFideId "110973"]
[WhiteElo "2573"]
[BlackElo "2701"]
[Result "1-0"]
[Round "09"]
[TimeControl "180+2"]
[Date "2023.04.18"]
[WhiteClock "0:00:07"]
[BlackClock "0:00:06"]

1. e4 c5 2. Nf3 Nc6 3. Bb5 e6 4. O-O Nge7 5. Re1 a6 6. Bf1 d5 7. exd5 Nxd5 8. d4 cxd4 9. Nxd4 Be7 10. Nxc6 bxc6 11. c4 Nf6 12. Qf3 Bb7 13. Nc3 Qc7 14. Bf4 Qc8 15. Rad1 O-O 16. Na4 c5 17. Qh3 Qc6 18. b3 Rad8 19. Be2 h6 20. Bf3 Rxd1 21. Rxd1 Ne4 22. Nc3 f5 23. Bxe4 fxe4 24. Bd6 e3 25. f3 Qd7 26. Bxe7 Qxe7 27. Re1 Qd6 28. Rxe3 e5 29. Qg3 Rf4 30. Ne2 Rf5 31. Qg4 Rf6 32. Qh5 Qd1+ 33. Kf2 e4 34. f4 Qd6 35. g3 Bc6 36. Ke1 a5 37. Qe5 Qxe5 38. fxe5 Re6 39. Rc3 Rxe5 40. Kd2 Re7 41. Re3 Rd7+ 42. Kc3 g5 43. a3 Rd1 44. b4 axb4+ 45. axb4 cxb4+ 46. Kxb4 Rg1 47. Nd4 Bb7 48. c5 Rb1+ 49. Kc4 Rc1+ 50. Rc3 Bd5+ 51. Kb4 Rxc3 52. Kxc3 Kf7 53. Nf5 h5 54. Kd4 Bc6 55. Nd6+ Ke6 56. Nxe4 Kf5 57. Nc3 Kg4 58. Nd5 Kh3 59. Nf6 Kxh2 60. Nxh5 Kh3 61. Ke5 Kg4 62. Kd6 Bf3 63. Ng7 Kxg3 64. Ne6 Ba8 65. Nxg5 Kf4 66. Nf7 Ke4 67. Ne5 Kd4 68. Nc6+ Kc4 69. Ne5+ Kb5 70. Nd7 Ka6 71. Nf6 Kb7 72. Nd5 Kc8 73. Nb6+ Kb7 74. Nxa8 Kxa8 75. c6 Kb8 76. Kd7 Ka7 77. c7 Kb7 78. c8=Q+ 1-0


[Site "https://www.chess.com"]

[Event "Titled Tuesday Blitz April 18 Late 2023"]
[White "Drygalov, Andrey"]
[Black "Djokic, Mihailo"]
[WhiteFideId "24171735"]
[BlackFideId "976440"]
[WhiteElo "2466"]
[BlackElo "2294"]
[Result "0-1"]
[Round "09"]
[TimeControl "180+2"]
[Date "2023.04.18"]
[WhiteClock "0:00:01"]
[BlackClock "0:00:04"]

1. e4 c5 2. Nf3 d6 3. Bb5+ Bd7 4. Bxd7+ Qxd7 5. c4 Nc6 6. Nc3 g6 7. d4 cxd4 8. Nxd4 Bg7 9. Be3 Nf6 10. f3 O-O 11. O-O Rfd8 12. b3 e6 13. Rc1 d5 14. exd5 exd5 15. c5 Re8 16. Bf2 Bh6 17. Rc2 Be3 18. Bxe3 Rxe3 19. Ncb5 Nxd4 20. Qxd4 Re6 21. Nd6 Qc6 22. Rd1 Rxd6 23. cxd6 Qxc2 24. Rd2 Qc1+ 25. Rd1 Qc2 26. Rd2 Qf5 27. Re2 Rd8 28. Qxa7 Qd7 29. Re7 Qxd6 30. Qxb7 Rd7 31. Rxd7 Nxd7 32. Kf2 d4 33. Ke2 d3+ 34. Kd2 Qf4+ 35. Kd1 Ne5 36. Qe4 Qxh2 37. f4 Ng4 38. Kd2 Qg1 39. a4 Qb1 40. Qxd3 Qb2+ 41. Qc2 Qd4+ 42. Qd3 Qxf4+ 43. Kc3 Ne5 44. Qd8+ Kg7 45. Qd4 Qc1+ 46. Kb4 f6 47. Qd5 h5 48. a5 Qe1+ 49. Kb5 Qe2+ 50. Kb6 Qe3+ 51. Kb7 Nf7 52. a6 Qe7+ 53. Kb6 Nd6 54. Qc6 Qe3+ 55. Kc7 Ne8+ 56. Kd8 Kf8 57. Kc8 Qa7 58. b4 Ke7 59. Qc5+ Nd6+ 60. Qxd6+ Kxd6 0-1


[Site "https://www.chess.com"]

[Event "Titled Tuesday Blitz April 18 Late 2023"]
[White "Prohaszka, Peter"]
[Black "Rodshtein, Maxim"]
[WhiteFideId "726265"]
[BlackFideId "2806851"]
[WhiteElo "2626"]
[BlackElo "2555"]
[Result "1-0"]
[Round "09"]
[TimeControl "180+2"]
[Date "2023.04.18"]
[WhiteClock "0:00:06"]
[BlackClock "0:00:01"]

1. d4 g6 2. c3 Bg7 3. e4 d6 4. Nf3 Nf6 5. Bd3 O-O 6. O-O Nbd7 7. h3 e5 8. Bg5 h6 9. Be3 Re8 10. Nbd2 b6 11. a4 a5 12. Qc2 Bb7 13. Rfe1 Qe7 14. d5 Rf8 15. b4 Nh5 16. Nb3 Bc8 17. bxa5 bxa5 18. c4 Nf4 19. Bf1 f5 20. exf5 Rxf5 21. Nfd2 Qf7 22. Rac1 Nf6 23. g4 Nxg4 24. hxg4 Rg5 25. f3 Bxg4 26. Ne4 Bxf3+ 27. Nxg5 hxg5 28. Nd2 g4 29. Nxf3 gxf3 30. Qe4 Nh5 31. Rc2 Rf8 32. Rh2 Qd7 33. Bd3 Ng3 34. Qxg6 e4 35. Qh7+ Kf7 36. Bxe4 Qg4 37. Qg6+ Qxg6 38. Bxg6+ Kxg6 39. Bf2 Ne2+ 40. Kf1 Be5 41. Rh3 Kg5 42. Rd1 Kg4 43. Rh7 Ng3+ 44. Kg1 Ne2+ 45. Kf1 Ng3+ 46. Bxg3 Bxg3 47. Rd4+ Bf4 48. Rg7+ Kf5 49. Kf2 Be5 50. Rdg4 Rb8 51. R7g5+ Kf6 52. Kxf3 Rb3+ 53. Ke4 Rc3 54. Rg6+ Kf7 55. Kf5 Rf3+ 56. Kg5 Rc3 57. Re6 Ra3 58. Rh4 Rxa4 59. Rh7+ Kg8 60. Rxc7 Ra3 61. Re8# 1-0


[Site "https://www.chess.com"]

[Event "Titled Tuesday Blitz April 18 Late 2023"]
[White "Sabuk, Piotr"]
[Black "Quesada Perez, Yasser"]
[WhiteFideId "1137565"]
[BlackFideId "3509362"]
[WhiteElo "2298"]
[BlackElo "2496"]
[Result "0-1"]
[Round "09"]
[TimeControl "180+2"]
[Date "2023.04.18"]
[WhiteClock "0:00:01"]
[BlackClock "0:00:14"]

1. d4 Nf6 2. c4 e6 3. Nf3 Bb4+ 4. Nbd2 O-O 5. a3 Be7 6. e4 d6 7. Be2 Nfd7 8. O-O e5 9. d5 a5 10. Rb1 a4 11. Bd3 Nc5 12. Bc2 Nbd7 13. Re1 Nb6 14. Qe2 f5 15. exf5 Bxf5 16. Bxf5 Rxf5 17. Ne4 Nbd7 18. Ng3 Rf7 19. Be3 Qf8 20. Nd2 b6 21. Nge4 Rf5 22. Rbc1 Qf7 23. Ng3 Rf6 24. Nde4 Rg6 25. Rc3 Bh4 26. Bxc5 bxc5 27. Rf3 Qe8 28. Nf5 Be7 29. Rh3 Nf6 30. Nxf6+ Rxf6 31. Ng3 Rf4 32. Ne4 Rb8 33. Rd3 Qg6 34. g3 Rff8 35. Nc3 Rxb2 36. Qxb2 Qxd3 37. Nxa4 Qxc4 38. Nc3 Bf6 39. Re4 Qd3 40. h4 Bd8 41. a4 Bf6 42. a5 Qa6 43. Qb5 Ra8 44. Qxa6 Rxa6 45. Ra4 Bd8 46. Nb5 Kf8 47. Kf1 Ke8 48. Ke2 Kd7 49. Kd3 c6 50. Nc3 Rxa5 51. Rg4 g6 52. h5 g5 53. f4 exf4 54. gxf4 h6 55. f5 Ra3 56. Kc2 Bf6 57. Ne4 Be5 58. dxc6+ Kxc6 59. f6 Rf3 60. Kd2 d5 61. Ke2 dxe4 62. Rxe4 Rf5 63. f7 Kd5 64. Re3 Rxf7 0-1


[Site "https://www.chess.com"]

[Event "Titled Tuesday Blitz April 18 Late 2023"]
[White "Mendez Fortes, Eduardo Jesus"]
[Black "Baskakov, Egor"]
[WhiteFideId "3502376"]
[BlackFideId "24197866"]
[WhiteElo "2307"]
[BlackElo "2212"]
[Result "1-0"]
[Round "09"]
[TimeControl "180+2"]
[Date "2023.04.18"]
[WhiteClock "0:00:15"]
[BlackClock "0:00:12"]

1. e4 c5 2. Nf3 Nf6 3. e5 Nd5 4. Nc3 e6 5. Nxd5 exd5 6. d4 Nc6 7. dxc5 Bxc5 8. Qxd5 d6 9. Qe4 O-O 10. Bd3 f5 11. Qc4+ Kh8 12. O-O Qc7 13. exd6 Bxd6 14. Qh4 Ne5 15. Nxe5 Bxe5 16. c3 Bd7 17. Be3 Bc6 18. f4 Bf6 19. Qf2 g6 20. Rad1 Rad8 21. Rfe1 b6 22. Bf1 Be4 23. Bd4 Qg7 24. Bxf6 Qxf6 25. Be2 Bd5 26. a3 Bb3 27. Rxd8 Rxd8 28. Bf3 Kg7 29. Qe3 Rd7 30. Qe5 Qxe5 31. Rxe5 Kf6 32. Kf2 Bc4 33. Be2 b5 34. Bxc4 bxc4 35. Rc5 Rd2+ 36. Kf3 Rxb2 37. Rxc4 Rb3 38. a4 Rb7 39. Rc6+ Kf7 40. a5 Re7 41. a6 h6 42. c4 g5 43. Rxh6 g4+ 44. Kg3 Kg7 45. Rc6 Re3+ 46. Kh4 Re2 47. g3 Rxh2+ 48. Kg5 Rh3 49. Rc7+ Kf8 50. Rxa7 Rxg3 51. Kf6 Ke8 52. Rb7 Ra3 53. a7 g3 54. Rb8+ Kd7 55. a8=Q Rxa8 56. Rxa8 Kc6 57. Rg8 Kc5 58. Rxg3 Kxc4 59. Re3 1-0


[Site "https://www.chess.com"]